 Dungeon Sprint DCSS version 0.30-a0-857-gcaf70739d4 (webtiles) character file.

Game seed: 8754825562236116550

4202 dialectric the Carver (level 10, -4/71 HPs)
             Began as a Gargoyle Fighter on Mar 5, 2023.
             Was a High Priest of Trog.
             Slain by a manticore (8 damage)
             ... in the Dungeon (Sprint II: "The Violet Keep of Menkaure").
             The game lasted 00:05:53 (966 turns).

dialectric the Carver (Gargoyle Fighter)             Turns: 966, Time: 00:05:54

Health: -4/71      AC: 25    Str: 23    XL:     10   Next: 29%
Magic:  11/11      EV: 15    Int:  8    God:    Trog [*****.]
Gold:   230        SH:  6    Dex: 11    Spells: 12/12 levels left

rFire   . . .      SeeInvis .    a - +0 long sword
rCold   . . .      Faith    .    c - +0 buckler
rNeg    + + .      Spirit   .    e - +2 chain mail {rN+}
rPois   ∞          Reflect  .    (no helmet)
rElec   +          Rampage  .    (no cloak)
rCorr   .          NoTele   +    (no gloves)
Will    .....      Rage     3%   d - +2 pair of boots Stlth
                                 (no amulet)
HPRegen 0.31/turn                i - +5 ring of evasion
MPRegen 0.12/turn                (no ring)

@: on berserk cooldown, slowed, unable to drink, very slow
A: sickness immunity, AC +7, negative energy resistance 1, electricity
resistance, torment resistance 1, petrification resistance, berserk 1, low MP 1,
screaming 2, inability to drink after injury 1
a: Renounce Religion, Berserk, Trog's Hand, Brothers in Arms


You were in the Dungeon.
You worshipped Trog.
Trog was extremely pleased with you.
You visited 1 branch You collected 1074 gold pieces.
You spent 844 gold pieces at shops.

Inventory:

Hand Weapons
 a - a +0 long sword (weapon)
Armour
 b - a +0 scale mail
 c - a +0 buckler (worn)
 d - a +2 pair of boots (worn)
 e - a +2 chain mail of positive energy (worn)
Jewellery
 i - a +5 ring of evasion (left hand)
Scrolls
 j - a scroll of blinking
Potions
 f - 2 potions of heal wounds
 g - a potion of haste
 h - 2 potions of magic
 k - 3 potions of flight {unknown}


   Skills:
 + Level 11.7 Fighting
 * Level 14.5 Long Blades
 + Level 12.5 Armour
 - Level 5.0 Dodging
 - Level 8.7 Shields
 - Level 1.7 Spellcasting


You had 12 spell levels left.
You didn't know any spells.
Your spell library was empty.

Dungeon Overview and Level Annotations

Branches:
Dungeon (1/1)

Altars:
Cheibriados
Dithmenos
Elyvilon
Fedhas
Gozag
Hepliaklqana
Kikubaaqudgha
Makhleb
Nemelex Xobeh
Okawaru
Qazlal
Ru
Sif Muna
Trog
Uskayaw
Vehumet
Wu Jian
Xom
Yredelemnul
Zin
The Shining One
Jiyva
Lugonu

Shops:
D ?:!([!:==!(?=[[

Annotations:
D exclusions: ice statue, obsidian statue and oklob plant


Innate Abilities, Weirdness & Mutations

You are immune to sickness and miasma.
Your stone body is resilient. (AC +7)
You are immune to poison.
You resist negative energy. (rN+)
You are resistant to electric shocks. (rElec)
You are resistant to unholy torment.
You are immune to petrification.
You sometimes lose your temper in combat.
Your magical capacity is low. (-10% MP)
You frequently scream uncontrollably at your foes.
You occasionally lose the ability to drink potions when taking damage.


Message History

The manticore misses you.
The manticore claws you but does no damage.
You block the manticore's attack.
You hit the manticore but do no damage.
The manticore is lightly wounded.
The manticore bites you but does no damage.
You block the manticore's attack. x2
You hit the manticore but do no damage.
The manticore is lightly wounded.
The manticore barely misses you. The manticore misses you.
The manticore claws you.
* * * LOW HITPOINT WARNING * * *
You slash the manticore!
The manticore is moderately wounded.
The manticore closely misses you. The manticore barely misses you. x2
Unknown command.
You cannot drink potions in your current state!
Unknown command.
You hit the manticore.
The manticore is moderately wounded.
The manticore closely misses you. The manticore misses you.
The manticore claws you but does no damage.
You slash the manticore!
The manticore is severely wounded.
The manticore misses you. The manticore completely misses you.
The manticore closely misses you.
You slash the manticore!
The manticore is severely wounded.
You block the manticore's attack. The manticore misses you.
The manticore claws you!
* * * LOW HITPOINT WARNING * * *
You hit the manticore but do no damage.
The manticore is severely wounded.
The manticore closely misses you. You block the manticore's attack.
The manticore claws you but does no damage.
You hit the manticore.
The manticore is severely wounded.
The manticore bites you but does no damage.
The manticore closely misses you. x3; The manticore claws you!
You die...

##.......## #....°.○..##
.....8°....# +# #.°......° ...###
## ..... ....### ~#+++#+++##
...#.## ~.........# ..#..#
~~.##†##..# ####.#..#
~~##.#.##.####$.@H##.#
~~#.###.#....#..#.^.##
####.#.####..#####..# $(!
#.###'###.##..#..'..# ▓(?(($
...##.##...#..#..#..# #▓)![?[!
.#)'.<.'.##†..####^.##.#▓!$$$?!)
...##.##...#.§..###...##▓▓▓▓▓▓▓+
#.###'###.##......~~~~~~~~~~~~~
######.####~~.....~#'########+###


You could see a manticore.

Vanquished Creatures
  A crystal guardian (D)
  2 death drakes (D)
  2 manticores (D)
  A merfolk siren (D)
  2 wyverns (D)
  3 neqoxecs (D)
  A vampire mosquito (D)
  Menkaure (D)
  2 water moccasins (D)
  2 swamp drakes (D)
  4 necrophages (D)
  A spectral adder (D)
  A spectral bat (D)
23 creatures vanquished.

Vanquished Creatures (others)
  A neqoxec (D)
1 creature vanquished.

Grand Total: 24 creatures vanquished

Notes
Turn   | Place    | Note
-------+----------+-------------------------------------------
     0 | D        | dialectric the Gargoyle Fighter began the quest for the
                  | Orb.
     0 | D        | Reached XP level 1. HP: 14/14 MP: 1/1
     8 | D        | Noticed a merfolk siren
    15 | D        | Killed a merfolk siren
    16 | D        | Reached skill level 3 in Long Blades
    16 | D        | Reached XP level 2. HP: 9/26 MP: 2/2
    16 | D        | Reached XP level 3. HP: 10/30 MP: 3/3
    16 | D        | Reached XP level 4. HP: 12/36 MP: 4/4
    16 | D        | Reached XP level 5. HP: 13/40 MP: 5/5
    16 | D        | Reached XP level 6. HP: 15/45 MP: 6/6
   134 | D        | Noticed a wyvern
   134 | D        | Noticed a wyvern
   138 | D        | HP: 1/45 [wyvern (7)]
   139 | D        | Killed a wyvern
   140 | D        | Reached skill level 4 in Long Blades
   140 | D        | Reached XP level 7. HP: 2/52 MP: 7/7
   145 | D        | Killed a wyvern
   146 | D        | Reached skill level 10 in Fighting
   146 | D        | Reached skill level 10 in Armour
   151 | D        | Noticed an obsidian statue
   174 | D        | Reached skill level 5 in Long Blades
   184 | D        | Found a snail-covered altar of Cheibriados.
   185 | D        | Found a shadowy altar of Dithmenos.
   186 | D        | Found a white marble altar of Elyvilon.
   186 | D        | Found an ancient bone altar of Kikubaaqudgha.
   186 | D        | Found a viscous altar of Jiyva.
   187 | D        | Found a blossoming altar of Fedhas.
   187 | D        | Found a corrupted altar of Lugonu.
   187 | D        | Found a shimmering blue altar of Sif Muna.
   188 | D        | Found an opulent altar of Gozag.
   188 | D        | Found a burning altar of Makhleb.
   188 | D        | Found a bloodstained altar of Trog.
   188 | D        | Noticed Menkaure
   189 | D        | Found a sparkling altar of Nemelex Xobeh.
   189 | D        | Found a hide-covered altar of Uskayaw.
   189 | D        | Found a basalt altar of Yredelemnul.
   190 | D        | Found an iron altar of Okawaru.
   190 | D        | Found a radiant altar of Vehumet.
   190 | D        | Found a glowing silver altar of Zin.
   190 | D        | Found a hazy altar of Hepliaklqana.
   190 | D        | Found a sacrificial altar of Ru.
   190 | D        | Found a shimmering altar of Xom.
   191 | D        | Found a stormy altar of Qazlal.
   191 | D        | Found an ornate altar of the Wu Jian Council.
   191 | D        | Found a glowing golden altar of the Shining One.
   196 | D        | Became a worshipper of Trog the Wrathful
   208 | D        | Killed Menkaure
   209 | D        | Reached XP level 8. HP: 7/59 MP: 8/8
   315 | D        | Gained mutation: You occasionally lose the ability to drink
                  | potions when taking damage. [a neqoxec]
   317 | D        | Reached * piety under Trog
   327 | D        | Gained mutation: You sometimes lose your temper in combat.
                  | [a neqoxec]
   331 | D        | Gained mutation: You occasionally shout uncontrollably at
                  | your foes. [a neqoxec]
   332 | D        | Gained mutation: Your magical capacity is low. (-10% MP) [a
                  | neqoxec]
   336 | D        | Reached skill level 6 in Long Blades
   351 | D        | Reached ** piety under Trog
   352 | D        | Reached skill level 7 in Long Blades
   358 | D        | Reached skill level 5 in Dodging
   371 | D        | Gained mutation: You frequently scream uncontrollably at
                  | your foes. [a neqoxec]
   380 | D        | Reached *** piety under Trog
   381 | D        | Reached skill level 8 in Long Blades
   391 | D        | Noticed an ice statue
   406 | D        | Found Omyoloaf's Antique Armour Shop.
   406 | D        | Found Teqir's Antique Weapon Shop.
   406 | D        | Found Voxt's Distillery.
   406 | D        | Found Ramil's Antique Armour Boutique.
   406 | D        | Found Naw Ewna's Jewellery Shop.
   406 | D        | Found Qizeliot's Magic Scroll Shop.
   406 | D        | Found Idoluak's Jewellery Boutique.
   407 | D        | Found Hoezaez's Distillery.
   407 | D        | Found Bugri's Antique Armour Shop.
   408 | D        | Found Aterghev's Jewellery Shop.
   408 | D        | Found Buisij's Book Boutique.
   409 | D        | Found Zumirchid's Weapon Boutique.
   409 | D        | Found Hofec's Distillery.
   409 | D        | Noticed an oklob plant
   410 | D        | Found Cemorosk's Book Shoppe.
   410 | D        | Found Piarocs's Magic Scroll Boutique.
   470 | D        | Noticed a yak
   470 | D        | Noticed a yak
   470 | D        | Noticed a yak
   473 | D        | Noticed a death yak
   480 | D        | Bought a pair of embroidered boots for 187 gold pieces
   497 | D        | Bought a shiny chain mail for 187 gold pieces
   517 | D        | Bought a potion of heal wounds for 55 gold pieces
   517 | D        | Bought a potion of heal wounds for 55 gold pieces
   529 | D        | Bought a +5 ring of evasion for 360 gold pieces
   550 | D        | Reached skill level 9 in Long Blades
   591 | D        | Noticed a crystal guardian
   592 | D        | Noticed a death drake
   593 | D        | Noticed a death drake
   639 | D        | Killed a death drake
   640 | D        | Reached skill level 11 in Long Blades
   640 | D        | Reached XP level 9. HP: 52/64 MP: 8/8
   684 | D        | Killed a death drake
   685 | D        | Reached skill level 12 in Long Blades
   768 | D        | Killed a crystal guardian
   768 | D        | Reached **** piety under Trog
   769 | D        | Reached skill level 13 in Long Blades
   769 | D        | Reached skill level 1 in Spellcasting
   769 | D        | Reached XP level 10. HP: 45/70 MP: 8/11
   941 | D        | Noticed a manticore
   941 | D        | Noticed a manticore
   941 | D        | Noticed a manticore
   948 | D        | Killed a manticore
   948 | D        | Reached ***** piety under Trog
   949 | D        | Reached skill level 14 in Long Blades
   953 | D        | Killed a manticore
   964 | D        | HP: 3/71 [manticore (10)]
   966 | D        | Slain by a manticore

Illustrated notes

Levels and vault maps discovered:
D:        the_violet_keep_of_menkaure [sprint2_stairs_cluster_1,
          sprint2_shoproom, sprint2_temple, sprint2_basic_supplies,
          sprint2_obstacle_2, sprint2_obstacle_1, sprint2_obstacle_3,
          sprint2_obstacle_4, sprint2_obstacle_5, sprint2_timed_cluster_1,
          sprint2_smallroom_cluster_1, sprint2_smallroom_final_cluster_1,
          sprint2_transparent_cluster_1, sprint2_second_timed_cluster_1,
          sprint2_sniper_area_1, sprint2_heavy_combat_area_1,
          sprint2_mutation_trap_area_1, sprint2_forest_area_1,
          sprint2_light_combat_area_1, sprint2_behind_water_1,
          sprint2_near_end_vault_1]

Skill      XL: |  1  2  3  4  5  6  7  8  9 10 |
---------------+-------------------------------+-----
Fighting       | 8 9 10 11 | 11.7
Long Blades    | 3 4 5 11 13 14 | 14.5
Armour         | 8 9 10 11 12 | 12.5
Shields        | 8 |  8.7
Dodging        | 2 4 5 |  5.0
Spellcasting   | 1 |  1.7

Action                     |  1- 3 |  4- 6 |  7- 9 | 10-12 || total
---------------------------+-------+-------+-------+-------++-------
  Melee: Long sword        |     5 |     4 |   191 |    39 ||   239
 Invoke: Berserk           |       |       |     1 |     1 ||     2
    Use: Potion            |     1 |     1 |     2 |       ||     4
 Armour: Scale mail        |     1 |     3 |    39 |       ||    43
         Chain mail        |       |       |    45 |    19 ||    64
  Dodge: Dodged            |     2 |       |    95 |    41 ||   138
  Block: Buckler           |       |     1 |    39 |    18 ||    58

Table legend: (Time is in decaauts)
 A = Elapsed time spent in this place.
 B = Non-inter-level travel time spent in this place.
 C = Inter-level travel time spent in this place.
 D = Time resting spent in this place.
 E = Time spent auto-exploring this place.
 F = Levels seen in this place.
 G = Mean time per level.
                   A        B        C        D        E       F      G
               +--------+--------+--------+--------+--------+-----+--------+
         Total |   1031 |   1031 |      0 |    334 |     75 |   1 | 1031.0 |
       Dungeon |   1031 |   1031 |      0 |    334 |     75 |   1 | 1031.0 |
               +--------+--------+--------+--------+--------+-----+--------+

Top non-repeatable levels by time:
       D: 1031 daAuts
